 Dungeon Crawl Stone Soup version 0.29-a0-563-g64e4043184 (webtiles) character file.

Game seed: 16348984388651994805

81155 Anon1729 the Impaler (level 15, -2/110 HPs)
             Began as a Merfolk Monk on June 11, 2022.
             Was the Champion of Hepliaklqana.
             Killed by the raging water
             ... invoked by a water nymph
              (27 damage)
             ... on level 13 of the Dungeon.
             The game lasted 00:42:11 (24865 turns).

Anon1729 the Impaler (Merfolk Monk)                Turns: 24865, Time: 00:42:11

Health: -2/110     AC: 10    Str: 19    XL:     15   Next: 69%
Magic:  20/23      EV: 29    Int: 20    God:    Hepliaklqana [******]
Gold:   1093       SH:  5    Dex: 24    Spells: 14/14 levels left

rFire   + . .      SeeInvis .   r - +11 lance "Wyrmbane" {slay drac, rPois rF+ rC+ AC+3}
rCold   + . .      Faith    .   (no shield)
rNeg    . . .      Spirit   .   U - +3 ring mail of Sag Uler {+Blink Fly Str+4 Dex+3}
rPois   +          Reflect  +   Y - +0 helmet "Caddonk" {Int+5}
rElec   +          Harm     .   y - scarf {+Inv}
rCorr   .          Rampage  .   (no gloves)
Will    +....                   (no boots)
Stlth   ++++++....              p - amulet of reflection
HPRegen 0.28/turn               J - ring "Kenuam" {Fly rElec Int+4 Dex+2 Slay+2}
MPRegen 0.18/turn               O - +4 ring of slaying

@: flying, studying Throwing, very quick
A: reduced essence, nimble swimmer 2, mertail, deformed body
a: Renounce Religion, Evoke Blink, Evoke Invisibility, Recall Ancestor, Ancestor
Identity, Transference, Idealise


You were on level 13 of the Dungeon.
You worshipped Hepliaklqana.
Hepliaklqana was exalted by your worship.
You visited 4 branches of the dungeon, and saw 22 of its levels.
You also visited: Ice Cave.

You collected 2375 gold pieces.
You spent 1282 gold pieces at shops.

Inventory:

Hand Weapons
 r - the +11 lance "Wyrmbane" (weapon) {slay drac, rPois rF+ rC+ AC+3}
   (You found it on level 2 of the Dungeon)

   It inflicts extra damage against dragons and draconians.
   AC:        It affects your AC (+3).
   rF:        It protects you from fire.
   rC:        It protects you from cold.
   rPois:     It protects you from poison.
Armour
 s - the +11 chain mail "Iwnudgh" {rF+ Dex+6}
   (You bought it in a shop on level 2 of the Orcish Mines)

   Dex:       It affects your dexterity (+6).
   rF:        It protects you from fire.
 y - a scarf of invisibility (worn)
 P - a +0 leather armour of resistance
 U - the +3 ring mail of Sag Uler (worn) {+Blink Fly Str+4 Dex+3}
   (You found it on level 4 of the Lair of Beasts)

   Str:       It affects your strength (+4).
   Dex:       It affects your dexterity (+3).
   Fly:       It grants you flight.
   +Blink:    It lets you blink.
 Y - the +0 helmet "Caddonk" (worn) {Int+5}
   (You found it on level 2 of the Lair of Beasts)

   Int:       It affects your intelligence (+5).
Jewellery
 a - the brooch of Shielding {Spirit SH+8}
   (You took it off a centaur warrior on level 11 of the Dungeon)

   [amulet of guardian spirit]

   It causes incoming damage to be divided between your reserves of health and
   magic.
   SH:        It affects your SH (+8).
 i - the ring "Unocoug" {rPois rC+ Int+6}
   (You found it on level 9 of the Dungeon)

   [ring of intelligence]

   Int:       It affects your intelligence (+6).
   rC:        It protects you from cold.
   rPois:     It protects you from poison.
 p - an amulet of reflection (around neck)
 G - the ring of the Fiend {rCorr Dex+3}
   (You bought it in a shop on level 2 of the Orcish Mines)

   [ring of resist corrosion]

   Dex:       It affects your dexterity (+3).
   rCorr:     It protects you from acid and corrosion.
 J - the ring "Kenuam" (left hand) {Fly rElec Int+4 Dex+2 Slay+2}
   (You found it on level 9 of the Dungeon)

   [ring of flight]

   Int:       It affects your intelligence (+4).
   Dex:       It affects your dexterity (+2).
   Slay:      It affects your accuracy & damage with ranged weapons and melee
   (+2).
   rElec:     It insulates you from electricity.
   Fly:       It grants you flight.
 M - an amulet of faith
 N - an amulet of regeneration
 O - a +4 ring of slaying (right hand)
 Q - a +4 ring of protection
 S - a ring of willpower
 T - a ring of wizardry
Wands
 b - a wand of paralysis (2)
 u - a wand of iceblast (30)
 v - a wand of polymorph (22)
 A - a wand of charming (6)
 F - a wand of digging (9)
 L - a wand of flame (14)
Scrolls
 d - 5 scrolls of magic mapping
 e - 3 scrolls of vulnerability
 h - a scroll of blinking
 l - 5 scrolls of amnesia
 m - 5 scrolls of enchant weapon
 n - 4 scrolls of fog
 q - 6 scrolls of teleportation
 w - a scroll of summoning {unknown}
 z - a scroll of torment {unknown}
 H - 6 scrolls of enchant armour
 W - a scroll of silence {unknown}
Potions
 c - 2 potions of heal wounds
 f - 5 potions of lignification
 g - 13 potions of curing
 j - 3 potions of ambrosia
 k - 5 potions of brilliance
 o - 7 potions of berserk rage
 t - 4 potions of magic
 x - 5 potions of might
 B - 4 potions of attraction
 C - 9 potions of flight
 D - 2 potions of cancellation {unknown}
 E - 2 potions of invisibility
 I - a potion of resistance
 K - 2 potions of mutation {unknown}
 X - 5 potions of haste
Miscellaneous
 V - a box of beasts


   Skills:
 + Level 13.0 Fighting
 - Level 4.2 Short Blades
 * Level 20.0 Polearms
 + Level 2.3 Armour
 + Level 15.3 Dodging
 + Level 13.8 Stealth
 * Level 11.7 Invocations


You had 14 spell levels left.
You didn't know any spells.
Your spell library contained the following spells:

 Spells                   Type           Power      Damage    Failure   Level
 Beastly Appendage        Tmut           0%         N/A       32%         1
 Freeze                   Ice            0%         1d3       32%         1
 Necrotize                Necr           0%         1d4       32%         1
 Blink                    Tloc           0%         N/A       43%         2
 Poisonous Vapours        Pois/Air       0%         N/A       43%         2
 Static Discharge         Conj/Air       0%         N/A       43%         2
 Wereblood                Tmut           0%         N/A       43%         2
 Frozen Ramparts          Ice            0%         1d2       67%         3
 Ignite Poison            Fire/Tmut/Pois 0%         N/A       67%         3
 Inner Flame              Hex/Fire       0%         N/A       67%         3
 Spider Form              Tmut/Pois      0%         N/A       67%         3
 Vampiric Draining        Necr           0%         2d6       67%         3
 Cause Fear               Hex            0%         N/A       97%         4
 Corpse Rot               Necr/Pois/Air  0%         N/A       97%         4
 Hailstorm                Conj/Ice       0%         3d3       97%         4
 Agony                    Necr           0%         N/A       100%        5
 Fireball                 Conj/Fire      0%         3d3       100%        5
 Lightning Bolt           Conj/Air       0%         1d11      100%        5
 Starburst                Conj/Fire      0%         6d3       100%        6
 Discord                  Hex            0%         N/A       100%        8
 Ignition                 Fire           0%         3d3       100%        8
 Maxwell's Capacitive Co  Air            0%         ∞         100%        8


Dungeon Overview and Level Annotations

Branches:
Dungeon (13/15)            Temple (1/1) D:4            Lair (6/6) D:10
  Swamp (0/4) Lair:2       Spider (0/4) Lair:4        Slime (0/5) Lair:6
    Orc (2/2) D:12            Elf (0/3) Orc:2         IceCv (visited)
 Vaults: D:13-14

Altars:
Ashenzari
Dithmenos
Elyvilon
Fedhas
Gozag
Hepliaklqana
Makhleb
Okawaru
Ru
Sif Muna
Trog
Uskayaw
Vehumet
Wu Jian
Xom
Yredelemnul
Zin
The Shining One
Beogh
Jiyva

Shops:
D:1 :==[   D:8 [   D:9 ?   D:11 (   Orc:1 (   Orc:2 [*!([

Annotations:
Lair:2 Zebulonius's ghost, journeyman MiBe


Innate Abilities, Weirdness & Mutations

Your life essence is reduced to manifest your ancestor. (-10% HP)
You are very nimble when in or above water. (Stealth+, EV+, Speed+++)
Your lower body shifts to a powerful aquatic tail in water.
Armour fits poorly on your strangely shaped body.


Message History

The centaur warrior kicks Wenzel but does no damage.
Wenzel closely misses the centaur warrior.
The water nymph casts a spell at you. The water rises up and strikes you!!
* * * LOW HITPOINT WARNING * * *
The centaur warrior hits you.
* * * LOW HITPOINT WARNING * * *
The centaur warrior completely misses you.
You feel much better.
The centaur warrior completely misses you.
The centaur warrior kicks you.
The water nymph points at you and mumbles some strange words.
The water rises up and strikes you!!
* * * LOW HITPOINT WARNING * * *
Wenzel hits the centaur warrior with a +0 broad axe of flaming!
Wenzel burns the centaur warrior.
You feel much better.
The centaur warrior hits Wenzel but does no damage.
Wenzel blocks the centaur warrior's attack.
The water nymph casts a spell at you. The water rises up and strikes you!
* * * LOW HITPOINT WARNING * * *
Wenzel barely misses the centaur warrior.
The centaur warrior hits Wenzel but does no damage.
Wenzel blocks the centaur warrior's attack.
You catch the helpless centaur warrior completely off-guard!
You puncture the centaur warrior!
The centaur warrior is severely wounded.
You barely miss the centaur warrior.
The centaur warrior is severely wounded.
You block the centaur warrior's attack. The centaur warrior kicks you.
* * * LOW HITPOINT WARNING * * *
Wenzel hits the centaur warrior with a +0 broad axe of flaming!
Wenzel burns the centaur warrior.
The centaur warrior dies!
You hear a splash.
You feel better.
The water nymph points at you and mumbles some strange words.
The water rises up and strikes you!!
You die...

.......≈.......
.≈≈≈....≈.......
≈≈≈≈..≈≈≈≈......
..≈≈≈≈≈≈≈.......
..≈≈≈≈≈≈....#.....
....≈≈≈≈..........
...≈≈≈≈≈)...##....
..≈≈≈≈mR@≈...#..#
.≈≈≈..≈≈≈≈≈.....###
....≈.....≈≈........#
.........(........#
.................##
.................#
#.........#.##..##
..........###.###
#...............#


You could see the friendly Wenzel the knight (idealised) and a water nymph.

Vanquished Creatures
  Kirke (Lair:4)
  A dire elephant (Lair:4)
  A fire dragon (Lair:6)
  7 hydras
  An ice dragon (IceCv)
  3 boulder beetles (D:11)
  A tengu warrior (D:11)
  An orc high priest (Orc:1)
  Urug (Lair:4)
  A bog body (Lair:2)
  4 lindwurms
  2 orc knights
  3 ugly things
  2 manticores (D:11)
  A cyclops (D:11)
  2 orc sorcerers (Orc:2)
  21 elephants
  A salamander (shapeshifter) (D:11)
  2 ice statues (IceCv)
  7 black mambas
  2 molten gargoyles (Lair:6)
  2 water nymphs (D:13)
  9 cane toads
  2 gargoyles (D:11)
  An unseen horror (D:12)
  Psyche (D:9)
  2 kobold demonologists (D:9)
  An efreet (D:11)
  A torpor snail (Lair:3)
  10 rime drakes
  14 komodo dragons
  3 trolls
  A polar bear (Lair:2)
  2 hornets
  3 blink frogs (Lair:4)
  9 slime creatures
  3 shadows
  Sigmund (D:5)
  2 culicivoras (Lair:4)
  A jumping spider (Lair:4)
  53 yaks
  2 spriggans
  2 vampires (D:11)
  2 hogs (Lair:4)
  4 redbacks (Lair:4)
  3 wyverns
  4 wraiths
  4 basilisks
  3 vampire mosquitoes
  2 neqoxecs (D:9)
  Grum (D:8)
  4 steam dragons
  Menkaure (D:7)
  3 acid dragons (D:11)
  Duvessa (D:5)
  4 hell hounds (Lair:6)
  11 water moccasins
  A black bear (Lair:1)
  16 orc warriors
  A sky beast (D:7)
  6 ogres
  5 centaurs
  16 wolves
  3 lemures (D:7)
  2 phantoms
  A kobold brigand (D:9)
  14 bullfrogs
  A necrophage (D:7)
  2 gnoll sergeants
  4 scorpions
  4 wights
  A troll zombie (D:12)
  Dowan (D:5)
  7 killer bees
  5 howler monkeys
  5 komodo dragon simulacra (IceCv)
  5 lava snakes (Lair:6)
  2 quasits (D:9)
  2 hounds
  A jelly (D:5)
  A gnoll shaman (D:4)
  14 orc priests
  5 iguanas
  18 orc wizards
  3 ogre zombies (D:12)
  7 adders
  23 gnolls
  6 acid dragon simulacra (IceCv)
  A white imp (D:5)
  3 ufetubi
  6 steam dragon simulacra (IceCv)
  2 worms
  A dart slug (D:4)
  66 orcs
  4 bats
  4 endoplasms
  4 giant cockroaches
  5 goblins
  10 hobgoblins
  9 kobolds
  2 quokkas
  6 ball pythons
  5 frilled lizards
  A goblin skeleton (D:12)
  A goblin zombie (D:12)
  A hobgoblin skeleton (D:12)
  A hobgoblin zombie (D:12)
  10 orc zombies (D:12)
  5 rats
566 creatures vanquished.

Vanquished Creatures (collateral kills)
  Saint Roka (Orc:2)
  A hydra (D:11)
  A merfolk aquamancer (D:13)
  2 centaur warriors
  Erica (Orc:1)
  A tengu warrior (D:11)
  2 lindwurms (D:10)
  Pikel (D:7)
  An ugly thing (D:13)
  A cyclops (D:11)
  An orc sorcerer (Orc:1)
  3 elephants (Lair:4)
  3 cane toads
  Maggie (D:7)
  2 komodo dragons
  A polar bear (Lair:4)
  A spriggan (Lair:2)
  A culicivora (Lair:4)
  A wyvern (Lair:6)
  10 yaks
  A shadow (D:12)
  A basilisk (Lair:6)
  A redback (Lair:4)
  10 orc warriors
  An ogre (Orc:2)
  2 wolves
  A lemure (D:7)
  A phantom (D:12)
  A gnoll sergeant (D:10)
  3 wights
  2 killer bees (D:9)
  A quasit (D:9)
  2 komodo dragon simulacra (IceCv)
  A gnoll shaman (D:8)
  2 orc priests
  7 orc wizards
  4 ogre zombies (D:12)
  3 gnolls (Orc:1)
  An acid dragon simulacrum (IceCv)
  A steam dragon simulacrum (IceCv)
  The ghost of Rawr the Sneak, a weakling DDDe (D:9)
  18 orcs
  3 goblin zombies (D:12)
  A hobgoblin skeleton (D:12)
  2 orc skeletons (D:12)
  5 orc zombies (D:12)
112 creatures vanquished.

Vanquished Creatures (others)
  9 knights
  2 orcs (D:8)
  38 fungi
  47 plants
96 creatures vanquished.

Grand Total: 774 creatures vanquished

Notes
Turn   | Place    | Note
-------+----------+-------------------------------------------
     0 | D:1      | Anon1729 the Merfolk Monk began the quest for the Orb.
     0 | D:1      | Reached XP level 1. HP: 18/18 MP: 1/1
    36 | D:1      | Found Deatinah's Jewellery Boutique.
   213 | D:1      | Found Dikkuet's Jewellery Shop.
   256 | D:1      | Reached XP level 2. HP: 17/24 MP: 2/2
   394 | D:1      | Found Josiguaf's Antique Armour Shoppe.
   611 | D:1      | Found Hisiecw's Distillery.
   629 | D:1      | Found Arecw's Book Shoppe.
  1189 | D:2      | Reached XP level 3. HP: 14/29 MP: 3/3
  1949 | D:2      | Found an iron altar of Okawaru.
  1949 | D:2      | Found the +8 lance "Wyrmbane" {slay drac, rPois rF+ rC+
                  | AC+3}
  2159 | D:3      | Found a blossoming altar of Fedhas.
  2253 | D:3      | Reached XP level 4. HP: 37/37 MP: 4/4
  2302 | D:3      | Reached skill level 1 in Polearms
  2412 | D:3      | Reached skill level 2 in Polearms
  2414 | D:3      | Reached XP level 5. HP: 32/42 MP: 5/5
  2488 | D:3      | Found the +3 woodcutter's axe {vorpal}
  2513 | D:3      | Reached skill level 5 in Dodging
  2516 | D:3      | Reached skill level 3 in Polearms
  2919 | D:3      | Found a shadowy altar of Dithmenos.
  3154 | D:4      | Reached XP level 6. HP: 49/49 MP: 6/6
  3322 | D:4      | Reached skill level 4 in Polearms
  3398 | D:4      | Found a staircase to the Ecumenical Temple.
  3418 | Temple   | Entered the Ecumenical Temple
  3823 | D:4      | Reached XP level 7. HP: 55/55 MP: 7/7
  3997 | D:5      | Entered Level 5 of the Dungeon
  4023 | D:5      | Reached skill level 5 in Fighting
  4023 | D:5      | Reached skill level 5 in Polearms
  4111 | D:5      | Noticed Duvessa
  4111 | D:5      | Noticed Dowan
  4137 | D:5      | Killed Duvessa
  4138 | D:5      | Killed Dowan
  4139 | D:5      | Reached skill level 6 in Polearms
  4139 | D:5      | Reached skill level 5 in Stealth
  4308 | D:5      | Noticed Sigmund
  4337 | D:5      | Reached XP level 8. HP: 63/63 MP: 8/8
  4408 | D:5      | Found an ornate altar of the Wu Jian Council.
  4815 | D:5      | Killed Sigmund
  4816 | D:5      | Reached skill level 7 in Polearms
  4947 | D:6      | Reached skill level 8 in Polearms
  5164 | D:6      | Reached XP level 9. HP: 66/71 MP: 9/9
  5286 | D:6      | Found a hazy altar of Hepliaklqana.
  5441 | D:6      | Became a worshipper of Hepliaklqana the Forgotten
  5441 | D:6      | Reached * piety under Hepliaklqana
  5441 | D:6      | Reached ** piety under Hepliaklqana
  5442 | D:6      | Remembered your ancestor Wenzel as a knight
  5769 | D:7      | Reached skill level 9 in Polearms
  5959 | D:7      | Noticed Menkaure
  5969 | D:7      | Killed Menkaure
  6219 | D:7      | Noticed Maggie
  6220 | D:7      | Noticed Pikel
  6371 | D:7      | Killed Maggie
  6399 | D:7      | Killed Pikel
  6400 | D:7      | Reached skill level 10 in Polearms
  6671 | D:8      | Found Plog's Antique Armour Boutique.
  6672 | D:8      | Reached *** piety under Hepliaklqana
  6759 | D:8      | Reached XP level 10. HP: 71/71 MP: 10/10
  6762 | D:8      | Reached skill level 11 in Polearms
  6999 | D:8      | Noticed Grum
  7011 | D:8      | Killed Grum
  7557 | D:9      | Noticed Psyche
  7557 | D:9      | Found Deebiagacs's Magic Scroll Emporium.
  7572 | D:9      | Identified the ring "Kenuam" {Fly rElec Int+4 Dex+2 Slay+2}
  7686 | D:9      | Noticed a kobold demonologist
  7686 | D:9      | Noticed a kobold demonologist
  7692 | D:9      | Noticed a soul eater
  7693 | D:9      | Killed a kobold demonologist
  7694 | D:9      | Reached skill level 12 in Polearms
  7702 | D:9      | Killed a kobold demonologist
  7711 | D:9      | Reached skill level 10 in Dodging
  7716 | D:9      | Found a transporter.
  7727 | D:9      | Noticed Rawr's ghost (weakling DDDe)
  7746 | D:9      | Found a transporter.
  7803 | D:9      | Killed Psyche
  7832 | D:9      | Bought a scroll of noise for 10 gold pieces
  7840 | D:9      | Bought a scroll of identify for 20 gold pieces
  7865 | D:9      | Reached **** piety under Hepliaklqana
  8066 | D:9      | Reached skill level 13 in Polearms
  8066 | D:9      | Reached XP level 11. HP: 78/78 MP: 11/11
  8315 | D:10     | Entered Level 10 of the Dungeon
  8773 | D:10     | Noticed a lindwurm
  8774 | D:10     | Noticed a lindwurm
  8776 | D:10     | Noticed a lindwurm
  8776 | D:10     | Noticed a lindwurm
  8779 | D:10     | Killed a lindwurm
  8786 | D:10     | Killed a lindwurm
  8789 | D:10     | Killed a lindwurm
  8790 | D:10     | Reached skill level 14 in Polearms
  8792 | D:10     | Killed a lindwurm
  9034 | D:10     | Found a staircase to the Lair.
  9177 | D:11     | Reached skill level 10 in Stealth
  9219 | D:11     | Noticed a manticore
  9228 | D:11     | Killed a manticore
  9279 | D:11     | Noticed a cyclops
  9279 | D:11     | Noticed a salamander
  9279 | D:11     | Noticed a tengu warrior
  9291 | D:11     | Killed a salamander
  9306 | D:11     | Killed a tengu warrior
  9606 | D:11     | Killed a cyclops
  9641 | D:11     | Found Uturyot's Weapon Shoppe.
  9675 | D:11     | Noticed a boulder beetle
  9675 | D:11     | Noticed a six-headed hydra
  9800 | D:9      | Gained mutation: Armour fits poorly on your strangely
                  | shaped body. [a neqoxec]
  9855 | D:9      | Identified the ring "Unocoug" {rPois rC+ Int+6}
  9858 | D:9      | Killed Rawr's ghost
  9926 | Lair:1   | Entered Level 1 of the Lair of Beasts
  9929 | Lair:1   | Reached skill level 15 in Polearms
  9937 | Lair:1   | Reached skill level 10 in Fighting
  9937 | Lair:1   | Reached XP level 12. HP: 82/87 MP: 12/12
 10062 | Lair:1   | Reached skill level 1 in Invocations
 10506 | Lair:1   | Reached ***** piety under Hepliaklqana
 10866 | Lair:2   | Found a frozen archway.
 11003 | IceCv    | Entered an ice cave
 11036 | IceCv    | Reached skill level 16 in Polearms
 11305 | IceCv    | Noticed an ice dragon
 11334 | IceCv    | Killed an ice dragon
 11335 | IceCv    | Reached skill level 5 in Invocations
 11895 | Lair:2   | Reached XP level 13. HP: 44/94 MP: 17/17
 12197 | Lair:2   | Found a staircase to the Swamp.
 12487 | Lair:2   | Found a runed translucent door.
 12487 | Lair:2   | Noticed Zebulonius's ghost (journeyman MiBe)
 12487 | Lair:2   | Identified the +5 spear of Qiucoit {flame, *Corrode rN++
                  | Str+4}
 12990 | Lair:3   | Found a runed translucent door.
 13695 | Lair:3   | Reached skill level 17 in Polearms
 13896 | Lair:4   | Identified the +3 ring mail of Sag Uler {+Blink Fly Str+4
                  | Dex+3}
 14255 | Lair:4   | Found a hole to the Spider Nest.
 14259 | Lair:4   | Reached skill level 1 in Armour
 14551 | Lair:4   | Got the Compendium of Toxins and the Traveller
 14898 | Lair:4   | Noticed Urug
 14901 | Lair:4   | Noticed Kirke
 15428 | Lair:4   | Reached ****** piety under Hepliaklqana
 15532 | Lair:4   | Noticed a dire elephant
 15857 | Lair:4   | Reached XP level 14. HP: 87/102 MP: 20/20
 15868 | Lair:4   | Killed Urug
 15972 | Lair:4   | Killed a dire elephant
 15973 | Lair:4   | Reached skill level 18 in Polearms
 16150 | Lair:4   | Killed Kirke
 17689 | Lair:2   | Identified the +0 helmet "Caddonk" {Int+5}
 17794 | Lair:6   | Entered Level 6 of the Lair of Beasts
 17886 | Lair:6   | Found a viscous altar of Jiyva.
 17886 | Lair:6   | Found a staircase to the Slime Pits.
 18763 | Lair:6   | Reached skill level 10 in Invocations
 18921 | Lair:6   | Found a large runed translucent door.
 18921 | Lair:6   | Found a large runed translucent door.
 19358 | Lair:6   | Reached skill level 19 in Polearms
 19978 | D:11     | Reached XP level 15. HP: 89/109 MP: 22/22
 20941 | D:12     | Found a staircase to the Orcish Mines.
 21340 | D:12     | Reached skill level 15 in Dodging
 21580 | Orc:1    | Entered Level 1 of the Orcish Mines
 21970 | Orc:1    | Found Engis's Antique Weapon Shoppe.
 21994 | Orc:1    | Noticed Erica
 22006 | Orc:1    | Killed Erica
 22303 | Orc:2    | Entered Level 2 of the Orcish Mines
 22449 | Orc:2    | Found a staircase to the Elven Halls.
 22579 | Orc:2    | Found Leshev's Distillery.
 22628 | Orc:2    | Found Wugiav's Assorted Antiques.
 22657 | Orc:2    | Bought a smoky amethyst potion for 31 gold pieces
 22657 | Orc:2    | Bought a fuming purple potion for 31 gold pieces
 22657 | Orc:2    | Bought a twitching iron ring for 175 gold pieces
 22657 | Orc:2    | Identified the ring of the Fiend {rCorr Dex+3} (You bought
                  | it in a shop on level 2 of the Orcish Mines)
 22904 | Orc:2    | Found Vaihohesh's Antique Armour Shoppe.
 22971 | Orc:2    | Bought a faintly humming chain mail for 247 gold pieces
 22971 | Orc:2    | Identified the +11 chain mail "Iwnudgh" {rF+ Dex+6} (You
                  | bought it in a shop on level 2 of the Orcish Mines)
 23138 | Orc:2    | Noticed Saint Roka
 23921 | Orc:2    | Killed Saint Roka
 24259 | Orc:2    | Found Vasiustu's Antique Weapon Emporium.
 24262 | Orc:2    | Found Dameonn's Antique Armour Shoppe.
 24562 | D:1      | Bought an embroidered scarf for 152 gold pieces
 24591 | D:1      | Bought a potion of haste for 110 gold pieces
 24591 | D:1      | Bought a potion of curing for 33 gold pieces
 24591 | D:1      | Bought a potion of haste for 110 gold pieces
 24591 | D:1      | Bought a potion of attraction for 33 gold pieces
 24591 | D:1      | Bought a potion of resistance for 110 gold pieces
 24591 | D:1      | Bought a potion of invisibility for 88 gold pieces
 24591 | D:1      | Bought a potion of berserk rage for 55 gold pieces
 24591 | D:1      | Bought a potion of might for 44 gold pieces
 24591 | D:1      | Bought a potion of flight for 33 gold pieces
 24854 | D:13     | Reached skill level 20 in Polearms
 24865 | D:13     | Killed from afar by a water nymph

Illustrated notes

Levels and vault maps discovered:
D:1:      shiori_arrival_whats_in_store_for_you, layout_loops_ring,
          serial_shops, nicolae_shop_behind_doors,
          nicolae_shop_advertising_works [nicolae_subvault_shop_adworks], shop,
          shop_fountains, nicolae_shop_hallway_plus, minmay_tree_intersection,
          amcnicky_mini_rare_corridor_liquid, roderic_lattice_a,
          nrook_mini_backslash, st_stairs_14
D:2:      layout_rooms, basic_altar, minmay_octomino_e4
D:3:      layout_basic, grunt_dithmenos_smoke, fedhas_altar_1,
          pf_guarded_unrand_woodcutter
D:4:      layout_basic, temple_hall, hangedman_decor_opposing
D:5:      layout_gridville, mainiacjoe_overflow_cross_hatched, uniq_sigmund,
          uniq_duvessa
D:6:      layout_rooms, mainiacjoe_overflow_paths, kennysheep_nub
D:7:      layout_basic, nrook_uturn, nrook_mini_vaults, due_unseen_surprise,
          uniq_pikel, uniq_menkaure, uniq_maggie
D:8:      layout_loops_corners, serial_shops, shop_statue, uniq_grum
D:9:      layout_loops_ring, gammafunk_ghost_stat_death, serial_shops,
          nicolae_stop_n_shop_1, uniq_psyche
D:10:     layout_rooms, nicolae_overflow_hidden_temple,
          grunt_lair_entry_orc_guard_hut, minmay_lindwurm_lava
D:11:     minmay_the_grid_octo_tiled_squarecenter [minmay_the_grid_octo_empty,
          minmay_the_grid_octo_teeth, minmay_the_grid_octo_horde,
          minmay_the_grid_octo_checkerflower,
          minmay_the_grid_square_5x5_megaprize_open,
          minmay_the_grid_square_5x5_detours, minmay_the_grid_square_5x5_z,
          minmay_the_grid_square_5x5_two_small,
          minmay_the_grid_square_5x5_minibox], layout_rooms, serial_shops,
          shop_statue
D:12:     layout_cave_pods, zombieorc2_lemuel
D:13:     minmay_coctagon, layout_cave_pools, nicolae_splish_splash
Temple:   jpeg_temple_clearing
Lair:1:   layout_chaotic_city
Lair:2:   layout_regular_city, skrybe_swamp_entry_bodies, portal_ice_cave_rime,
          ebering_ghost_funeral_grove
Lair:3:   layout_gridlike, pf_torpor_hydra, infiniplex_staircase_pool_2
Lair:4:   mu_elephants_graveyard, layout_long_grid,
          nicolae_spider_entry_tight_spaces, serial_forest,
          infiniplex_forest_straight_2, infiniplex_forest_straight_5,
          infiniplex_forest_clump_cross, infiniplex_forest_pool,
          infiniplex_forest_straight_1, infiniplex_forest_clump_long,
          infiniplex_forest_straight_4, minivault_26, uniq_urug, uniq_kirke
Lair:5:   layout_regular_city
Lair:6:   cheibrodos_lair_end_hotspot, layout_regular_city, slime_altar_1,
          serial_bayou_shore_b, serial_bayou_shore_a
Orc:1:    layout_caves, basic_altar, serial_shops, shop, uniq_erica
Orc:2:    grunt_orc_community_town_hall, layout_caves,
          grunt_orc_community_big_house_2, grunt_orc_community_big_house_2,
          grunt_orc_community_house_2, grunt_orc_community_house_2,
          grunt_orc_community_house_3, grunt_orc_community_house_3,
          grunt_orc_community_house_2, grunt_orc_community_house_2,
          serial_shops, nicolae_shop_stone

Skill      XL: |  1  2  3  4  5  6  7  8  9 10 11 12 13 14 15 |
---------------+----------------------------------------------+-----
Short Blades   | 4 |  4.2
Stealth        | 3 4 5 6 7 9 10 11 12 13 | 13.8
Fighting       | 4 5 6 7 8 10 11 12 13 | 13.0
Polearms       | 2 3 4 6 8 10 13 15 16 17 19 20 | 20.0
Dodging        | 5 6 7 9 10 11 12 13 14 15 | 15.3
Invocations    | 5 8 10 11 | 11.7
Armour         | 2 |  2.3

Action                   |  1- 3 |  4- 6 |  7- 9 | 10-12 | 13-15 || total
-------------------------+-------+-------+-------+-------+-------++-------
Melee: Short sword       |   125 |       |       |       |       ||   125
       Lance             |     7 |   121 |   217 |   597 |  1086 ||  2028
       Punch             |     1 |       |     4 |    14 |    14 ||    33
       Unarmed           |       |       |       |       |     1 ||     1
Invok: Recall Ancestor   |       |       |     1 |     1 |     6 ||     8
       Ancestor Life: Kn |       |       |     1 |       |       ||     1
       Idealise          |       |       |       |       |     1 ||     1
 Abil: Evoke Blink       |       |       |       |       |     1 ||     1
Evoke: Wand              |       |       |     2 |     4 |     5 ||    11
  Use: Potion            |     1 |       |       |       |     3 ||     4
       Scroll            |       |       |     2 |    11 |     8 ||    21
 Stab: Sleeping          |     8 |     8 |     6 |    24 |    56 ||   102
       Distracted        |       |       |     1 |     5 |    13 ||    19
Armor: Robe              |    31 |    11 |    12 |       |       ||    54
       Acid dragon scale |       |       |     1 |    27 |     3 ||    31
       Ring mail         |       |       |       |       |    65 ||    65
Dodge: Dodged            |    88 |    56 |    81 |   151 |   358 ||   734
Block: Other             |       |    12 |    15 |    47 |    74 ||   148
       Reflection        |       |     1 |     2 |     2 |     3 ||     8

Table legend: (Time is in decaauts)
 A = Elapsed time spent in this place.
 B = Non-inter-level travel time spent in this place.
 C = Inter-level travel time spent in this place.
 D = Time resting spent in this place.
 E = Time spent auto-exploring this place.
 F = Levels seen in this place.
 G = Mean time per level.
                   A        B        C        D        E       F      G
               +--------+--------+--------+--------+--------+-----+--------+
         Total |  23921 |  22426 |   1495 |   2652 |  15892 |  23 | 1040.0 |
       Dungeon |  11925 |  10882 |   1043 |    493 |   8532 |  13 |  917.3 |
        Temple |    135 |    122 |     13 |      0 |    110 |   1 |  135.0 |
          Lair |   8455 |   8082 |    373 |   1197 |   5606 |   6 | 1409.2 |
  Orcish Mines |   2706 |   2641 |     65 |    716 |   1433 |   2 | 1353.0 |
      Ice Cave |    697 |    697 |      0 |    245 |    210 |   1 |  697.0 |
               +--------+--------+--------+--------+--------+-----+--------+

Top non-repeatable levels by time:
  Lair:4: 1950 daAuts
    D:11: 1748 daAuts
  Lair:6: 1585 daAuts
  Lair:3: 1430 daAuts
  Lair:2: 1406 daAuts
   Orc:2: 1372 daAuts
   Orc:1: 1334 daAuts
     D:1: 1131 daAuts
     D:2: 1094 daAuts
  Lair:1: 1091 daAuts
     D:3: 997 daAuts
  Lair:5: 990 daAuts
     D:8: 988 daAuts
     D:7: 974 daAuts
    D:10: 913 daAuts
